 Dungeon Crawl Stone Soup version 0.17-a0-1648-g0a089d4 (webtiles) character file.

23 karlkraus the Stinger (level 3, -3/24 HPs)
             Began as a Formicid Venom Mage on Aug 12, 2015.
             Slain by a quokka (5 damage)
             ... on level 2 of the Dungeon.
             The game lasted 00:09:02 (926 turns).

karlkraus the Stinger (Formicid Venom Mage)          Turns: 926, Time: 00:09:02

Health: -3/24      AC:  2    Str: 12    XL:     3   Next: 10%
Magic:  6/6        EV: 12    Int: 15    God:
Gold:   100        SH:  0    Dex: 11    Spells: 2 memorised, 2 levels left

rFire  + . .     SeeInvis +     (no weapon)
rCold  . . .     Clarity  .     a - +0 robe
rNeg   . . .     SustAt   .     (no shield)
rPois  .         Gourm    .     (helmet unavailable)
rElec  .         Spirit   .     (no cloak)
rCorr  .         Warding  .     (no gloves)
rMut   .         Stasis   +     (no boots)
MR     .....                    (no amulet)
Stlth  ++........               (no ring)
                                d - ring of protection from fire

@: not resistant to hostile enchantments, unstealthy
A: permanent stasis, dig shafts and tunnels, four strong arms, antennae 3
a: Dig, Shaft Self


You were on level 2 of the Dungeon.
You were hungry.

You visited 1 branch of the dungeon, and saw 2 of its levels.

You collected 100 gold pieces.

Inventory:

Armour
 a - a +0 robe (worn)
Jewellery
 d - a ring of protection from fire (left hand)
Scrolls
 e - a scroll of identify {unknown}
Potions
 f - a potion of mutation {unknown}
 g - a potion of curing {unknown}
Books
 b - a Young Poisoner's Handbook

   Spells                             Type                      Level
   a - Sting                          Conjuration/Poison           1
   b - Cure Poison                    Poison                       2
   c - Mephitic Cloud                 Conjuration/Poison/Air       3
   d - Olgreb's Toxic Radiance        Poison                       4
   e - Venom Bolt                     Conjuration/Poison           5
Comestibles
 c - 2 bread rations


   Skills:
 + Level 0.2 Fighting
 + Level 1.7 Dodging
 + Level 2.9 Stealth
 + Level 2.3 Spellcasting
 + Level 0.3 Conjurations
 + Level 5.9 Poison Magic


You had 2 spell levels left.
You knew the following spells:

 Your Spells              Type           Power        Failure   Level  Hunger
a - Sting                 Conj/Pois      ##..         8%          1    #......
b - Mephitic Cloud        Conj/Pois/Air  #.......     30%         3    ###....


Dungeon Overview and Level Annotations

Branches:
Dungeon (2/15)

Altars:
Zin

Shops:
D:2 *


Innate Abilities, Weirdness & Mutations

You are under a permanent stasis effect.
You can dig through walls and to a lower floor.
Your four strong arms can wield two-handed weapons with a shield.
You have a pair of large antennae on your head (SInv).


Message History

The quokka bites you.
* * * LOW HITPOINT WARNING * * *
You barely miss the quokka.
The quokka is severely wounded.
The quokka misses you.
You hit the quokka.
The quokka is almost dead.
The quokka closely misses you.
You closely miss the quokka.
The quokka is almost dead.
The quokka bites you but does no damage.
The quokka bites you.
* * * LOW HITPOINT WARNING * * *
You miss the quokka.
The quokka is almost dead.
The quokka closely misses you.
You barely miss the quokka.
The quokka is almost dead.
The quokka bites you.
You die...

###..............#
................).
#..............#
#....[..........
#..............#
#####..........#
#..........#
...##########..........#
......r@................
......!..<#############.
?.........# ########.
..$.......# .........
......!.... .........
#.....###... .........
##.... #.... .........
_..∩. #..... .........
.........


You could see a quokka.

Vanquished Creatures
  A worm (D:2)
  2 giant geckos (D:1)
  2 giant cockroaches (D:1)
  3 goblins (D:1)
  A hobgoblin (D:1)
  4 bats (D:1)
  A giant newt (D:1)
  A kobold (D:2)
  5 rats (D:1)
20 creatures vanquished.

Notes
Turn   | Place    | Note
--------------------------------------------------------------
     0 | D:1      | karlkraus the Formicid Venom Mage began the quest for the Orb.
     0 | D:1      | Reached XP level 1. HP: 13/13 MP: 3/3
   154 | D:1      | Reached XP level 2. HP: 13/19 MP: 3/5
   823 | D:2      | Reached XP level 3. HP: 24/24 MP: 1/6
   828 | D:2      | Learned a level 3 spell: Mephitic Cloud
   898 | D:2      | Found Zin's Purification Station.
   900 | D:2      | Found a glowing silver altar of Zin.
   926 | D:2      | Slain by a quokka

Vault maps used:
D:1:      dpeg_arrival_lava_temple_mockup
D:2:      zin_purify, first_bread, uniq_terence

Action                   || total
-------------------------++-------
Melee: Unarmed           ||   104
 Cast: Sting             ||    31
 Abil: Dig               ||     1
 Stab: Sleeping          ||     2
